 Dungeon Crawl Stone Soup version 0.28.0-45-g0d030f2227 (webtiles) character file.

Game seed: 7762949467648419781

232 DemonSlayer the Firebug (level 5, -1/54 HPs)
             Began as a Demonspawn Fire Elementalist on Apr 1, 2022.
             Slain by a sky beast (3 damage)
             ... on level 3 of the Dungeon.
             The game lasted 00:09:13 (4759 turns).

DemonSlayer the Firebug (DsFE)                      Turns: 4759, Time: 00:09:13

Health: -1/54      AC: 22    Str:  9    XL:     5   Next: 73%
Magic:  10/10      EV:  2    Int: 18    God:
Gold:   127        SH:  0    Dex: 13    Spells: 8/11 levels left

rFire   + . .      SeeInvis .   i - +3 dagger (venom)
rCold   + . .      Faith    .   (no shield)
rNeg    . . .      Spirit   .   (armour currently unavailable)
rPois   +          Reflect  .   (helmet currently unavailable)
rElec   +          Harm     .   (cloak currently unavailable)
rCorr   +          Rampage  .   (gloves currently unavailable)
Will    .....      NoTele   +   (boots currently unavailable)
Stlth   ++........              (no amulet)
HPRegen 0.18/turn               (no ring)
MPRegen 0.12/turn               (no ring)

@: tree-form, resistant
A: stationary, stasis, torment immunity, boosted hp, (antennae 2), demonic
guardian 1
a: no special abilities


You were on level 3 of the Dungeon.
You were a tree.
You visited 1 branch of the dungeon, and saw 4 of its levels.

You collected 127 gold pieces.

Inventory:

Hand Weapons
 i - a +3 dagger of venom (weapon)
Armour
 a - a +0 robe (melded)
 m - a +0 pair of gloves (melded)
Magical Staves
 f - a staff of earth
 k - a staff of conjuration
Wands
 o - a wand of polymorph (8)
Scrolls
 b - 2 scrolls of vulnerability
Potions
 d - a potion of haste {unknown}
 g - a potion of might {unknown}
 h - 2 potions of lignification
 j - a potion of brilliance {unknown}
 l - a potion of berserk rage {unknown}
 n - a potion of resistance
 p - a potion of degeneration {unknown}


   Skills:
 + Level 0.4 Fighting
 + Level 1.3 Short Blades
 + Level 1.9 Dodging
 + Level 2.1 Stealth
 + Level 3.6 Spellcasting
 + Level 1.8 Conjurations
 + Level 4.2 Fire Magic


You had 8 spell levels left.
You knew the following spells:

 Your Spells              Type           Power      Damage    Failure   Level
a - Foxfire               Conj/Fire      56%        2x1d6     4%          1
b - Scorch                Fire           36%        2d6       4%          2

Your spell library contained the following spells:

 Spells                   Type           Power      Damage    Failure   Level
 Conjure Flame            Conj/Fire      14%        6-21      13%         3
 Sandblast                Erth           6%         2d5       16%         1
 Inner Flame              Hex/Fire       10%        N/A       19%         3
 Passwall                 Tmut/Erth      2%         N/A       24%         2
 Stone Arrow              Conj/Erth      12%        3d7       32%         3
 Flame Wave               Conj/Fire      14%        2d6       41%         4
 Gell's Gravitas          Tloc           3%         N/A       43%         3
 Lesser Beckoning         Tloc           3%         N/A       43%         3
 Teleport Other           Tloc           3%         N/A       43%         3


Dungeon Overview and Level Annotations

Branches:
Dungeon (4/15)
 Temple: D:4-7

Altars:
Ashenzari


Innate Abilities, Weirdness & Mutations

You are a tree.
Your roots penetrate the ground, keeping you stationary.
You cannot be teleported.
You are immune to unholy pain and torment.
Your maximum health is greatly increased.
Your equipment is partially melded.
((You have a pair of antennae on your head.))
A weak demonic guardian rushes to your aid.


Message History

You can't see any susceptible monsters within range! (Use Z to cast anyway.)
A sky beast comes into view.
The sky beast flickers out of sight!
Deactivating autopickup; reactivate with Ctrl-A.
There is a strange disturbance nearby!
There is a strange disturbance nearby!
No target in view!
Why would you want to do that? Something hits you but does no damage.
You miss something. Something hits you but does no damage.
You closely miss something. Something hits you. Something shocks you.
You hit something but do no damage. Something hits you but does no damage.
You miss something. You miss something. Something hits you.
Something shocks you.
You completely miss something. Something hits you. Something shocks you.
You miss something. Something hits you. Something shocks you.
* * * LOW HITPOINT WARNING * * *
A demonic guardian appears!
There is a stone staircase leading up here.
Something hits you but does no damage.
You climb upwards.
Your summoned ally is left behind.
Reactivating autopickup.
There is a stone staircase leading down here.
It was a potion of lignification.
You turn into a tree.
Your +0 pair of gloves melds into your body.
Your +0 robe melds into your body.
Your roots penetrate the ground.
A sky beast appears from thin air!
The sky beast hits you.
* * * LOW HITPOINT WARNING * * *
The sky beast shocks you.
* * * LOW HITPOINT WARNING * * *
Unknown command.
Unknown command.
Unknown command.
Unknown command.
Unknown command.
Unknown command.
It was a potion of resistance.
You feel protected. The sky beast hits you.
You die...

#............######.
#.######............
#.#...........#####.
#.#.#####....<### #.
#.#.#####.....))# #.
#.#.##[)..##..#)###.
#.#.##.#####...[....
#####.#Y##.#####..#))..)
#.....>♣..........##....
#.########..............
#......# #..####........
#..###.# #..# #.###.###
#....#.###..# #.# #.#
##.#........# ##.###.###
#.....###.####.........
###.....#.......###...#
#.....#######.# ###.#


You could see a sky beast (poisoned).

Vanquished Creatures
  2 orc priests (D:3)
  An orc wizard (D:2)
  Robin (D:1)
  2 adders
  A worm (D:2)
  A dart slug (D:3)
  10 orcs
  6 ball pythons
  4 bats
  8 endoplasms
  A giant cockroach (D:1)
  10 goblins
  8 hobgoblins
  4 kobolds
  3 quokkas
  2 frilled lizards
  2 rats (D:3)
66 creatures vanquished.

Vanquished Creatures (collateral kills)
  A hound (D:3)
  An orc (D:3)
  A goblin (D:2)
3 creatures vanquished.

Vanquished Creatures (others)
  74 foxfires
74 creatures vanquished.

Grand Total: 143 creatures vanquished

Notes
Turn   | Place    | Note
-------+----------+-------------------------------------------
     0 | D:1      | DemonSlayer the Demonspawn Fire Elementalist began the
                  | quest for the Orb.
     0 | D:1      | Reached XP level 1. HP: 13/13 MP: 3/3
   259 | D:1      | Reached skill level 3 in Fire Magic
   553 | D:1      | Gained mutation: A weak demonic guardian rushes to your
                  | aid. [demonic ancestry]
   553 | D:1      | Reached XP level 2. HP: 19/19 MP: 1/5
  1110 | D:1      | Learned a level 2 spell: Scorch
  1494 | D:2      | Noticed Robin
  1585 | D:2      | Gained mutation: You have a pair of small antennae on your
                  | head. [demonic ancestry]
  1585 | D:2      | Reached XP level 3. HP: 16/24 MP: 3/6
  1722 | D:3      | Reached skill level 1 in Short Blades
  2013 | D:3      | Reached XP level 4. HP: 30/30 MP: 7/7
  2862 | D:1      | Killed Robin
  3528 | D:3      | Gained mutation: You have a pair of antennae on your head.
                  | [demonic ancestry]
  3528 | D:3      | Reached XP level 5. HP: 32/36 MP: 4/10
  3572 | D:2      | Reached skill level 4 in Fire Magic
  4723 | D:4      | Found a broken altar of Ashenzari.
  4734 | D:4      | Noticed a sky beast
  4758 | D:3      | HP: 1/54 [sky beast (6)]
  4759 | D:3      | Slain by a sky beast

Illustrated notes

Levels and vault maps discovered:
D:1:      mrwooster_arrival_statue_3, layout_rooms
D:2:      layout_loops_ring, supply_closet_lemuel, uniq_robin
D:3:      minmay_wonky_spiral, layout_loops_ring
D:4:      layout_basic, mainiacjoe_overflow_paths,
          mainiacjoe_overflow_small_starburst, minivault_5

Skill      XL: |  1  2  3  4  5 |
---------------+----------------+-----
Fire Magic     | 3 4 |  4.2
Short Blades   | 1 |  1.3
Stealth        | 2 |  2.1
Spellcasting   | 3 |  3.6
Fighting       | |  0.4
Dodging        | |  1.9
Conjurations   | |  1.8

Action                   |  1- 3 |  4- 6 || total
-------------------------+-------+-------++-------
Melee: Short sword       |    24 |       ||    24
       Dagger            |     9 |    23 ||    32
       Punch             |     2 |       ||     2
       Unarmed           |       |    14 ||    14
 Cast: Foxfire           |    48 |       ||    48
       Scorch            |     9 |    49 ||    58
  Use: Scroll            |       |     5 ||     5
       Potion            |       |     2 ||     2
 Stab: Sleeping          |     2 |     1 ||     3
Armor: Robe              |     3 |    10 ||    13
Dodge: Dodged            |    20 |    24 ||    44
